| TOP OF THE 1ST |
|
Reno Aces batting - Pitching for Gwinnett Braves : RHP Chris Thompson
|
|
Pitching: RHP Chris Thompson
|
|
|
Batting: RHB Joe Smack
|
0-0: Ball 1-0: DOUBLE (Groundball, 5L, EV 106.2 MPH)
|
|
Batting: SHB Warren Eisner
|
0-0: Called Strike 0-1: Ball 1-1: Foul Ball, location: 2F 1-2: Ball 2-2: Foul Ball, location: 2F 2-2: Foul Ball, location: 2F 2-2: Ground out U3 (Groundball, 34, EV 85.6 MPH) Joe Smack to third
|
|
Batting: LHB Roy Steigerwald
|
0-0: SINGLE (Groundball, 6D, EV 108.8 MPH) Joe Smack scores
|
|
Batting: RHB Israel Gaona
|
0-0: Ball 1-0: Ball 2-0: Fielders Choice at 2nd, 5-4 (Groundball, 56, EV 81.9 MPH)
|
|
Batting: RHB Scott Travis
|
0-0: Ball Israel Gaona is caught stealing 2nd base 2-4
|
| Top of the 1st over - 1 run, 2 hits, 0 errors, 0 left on base; Reno 1 - Gwinnett 0 |
| BOTTOM OF THE 1ST |
|
Gwinnett Braves batting - Pitching for Reno Aces : RHP Marcus Wolfe
|
|
Pitching: RHP Marcus Wolfe
|
|
|
Batting: RHB Bill Turnbull
|
0-0: Called Strike 0-1: Foul Ball, location: 2F 0-2: Strikes out swinging
|
|
Batting: RHB Danny Heikkila
|
0-0: Ball 1-0: Called Strike 1-1: Ground out 5-3 (Groundball, 56, EV 85.6 MPH)
|
|
Batting: RHB Luis Revilla
|
0-0: Ball 1-0: Ball 2-0: Ball 3-0: Called Strike 3-1: Fly out, F5 (Line Drive, 5, EV 65.0 MPH)
|
| Bottom of the 1st over - 0 runs, 0 hits, 0 errors, 0 left on base; Reno 1 - Gwinnett 0 |
| TOP OF THE 2ND |
|
Reno Aces batting - Pitching for Gwinnett Braves : RHP Chris Thompson
|
|
Batting: RHB Scott Travis
|
0-0: Called Strike 0-1: Swinging Strike 0-2: Strikes out swinging
|
|
Batting: SHB Troy Maynard
|
0-0: Called Strike 0-1: Foul Ball, location: 2F 0-2: Fly out, F2 (Popup, 25F, EV 84.4 MPH)
|
|
Batting: RHB Alex Vasquez
|
0-0: Ground out 5-3 (Groundball, 56, EV 81.9 MPH)
|
| Top of the 2nd over - 0 runs, 0 hits, 0 errors, 0 left on base; Reno 1 - Gwinnett 0 |
| BOTTOM OF THE 2ND |
|
Gwinnett Braves batting - Pitching for Reno Aces : RHP Marcus Wolfe
|
|
Batting: RHB Ian Sousa
|
0-0: Foul Ball, location: 2F 0-1: Swinging Strike 0-2: Ball 1-2: Ball 2-2: Ball 3-2: Foul Ball, location: 2F 3-2: Fly out, F7 (Flyball, 78D, EV 91.9 MPH)
|
|
Batting: LHB Otte Klijnsma
|
0-0: Ball 1-0: Swinging Strike 1-1: Ball 2-1: Swinging Strike 2-2: Ball 3-2: SINGLE (Groundball, 4MD, EV 100.6 MPH)
|
|
Batting: RHB T.J. Jordan
|
0-0: Ball 1-0: SINGLE (Line Drive, 8RS, EV 102.5 MPH) Otte Klijnsma to second
|
|
Batting: LHB Kevin Waddell
|
0-0: SINGLE (Groundball, 4MD, EV 103.1 MPH) Otte Klijnsma to third T.J. Jordan to second
|
|
Batting: RHB Ethan McCullough
|
0-0: Foul Ball, location: 2F 0-1: Ball 1-1: Swinging Strike 1-2: Strikes out looking
|
|
Batting: RHB Rafael Elias
|
0-0: Fly out, F9 (Line Drive, 9, EV 86.2 MPH)
|
| Bottom of the 2nd over - 0 runs, 3 hits, 0 errors, 3 left on base; Reno 1 - Gwinnett 0 |
| TOP OF THE 3RD |
|
Reno Aces batting - Pitching for Gwinnett Braves : RHP Chris Thompson
|
|
Batting: RHB Juan Espinoza
|
0-0: Foul Ball, location: 2F 0-1: Foul Ball, location: 2F 0-2: Ball 1-2: Ground out 5-3 (Groundball, 56, EV 90.0 MPH)
|
|
Batting: RHB Paul Van Gilder
|
0-0: Ball 1-0: Ball 2-0: Foul Ball, location: 2F 2-1: Swinging Strike 2-2: Ball 3-2: Strikes out swinging
|
|
Batting: RHB Joe Smack
|
0-0: Called Strike 0-1: Ball 1-1: Foul Ball, location: 2F 1-2: Ball 2-2: Ground out 4-3 (Groundball, 4, EV 103.1 MPH)
|
| Top of the 3rd over - 0 runs, 0 hits, 0 errors, 0 left on base; Reno 1 - Gwinnett 0 |
| BOTTOM OF THE 3RD |
|
Gwinnett Braves batting - Pitching for Reno Aces : RHP Marcus Wolfe
|
|
Batting: RHB Bill Turnbull
|
0-0: Called Strike 0-1: Ball 1-1: Foul Ball, location: 2F 1-2: Ball 2-2: Strikes out swinging
|
|
Batting: RHB Danny Heikkila
|
0-0: Called Strike 0-1: Foul Ball, location: 2F 0-2: Ball 1-2: Ball 2-2: Ball 3-2: Foul Ball, location: 2F 3-2: Foul Ball, location: 2F 3-2: Foul Ball, location: 2F 3-2: Ground out 3-1 (Groundball, 34, EV 87.5 MPH)
|
|
Batting: RHB Luis Revilla
|
0-0: Called Strike 0-1: Foul Ball, location: 2F 0-2: Ball 1-2: Foul Ball, location: 2F 1-2: Foul Ball, location: 2F 1-2: Ball 2-2: Fly out, F9 (Flyball, 89S, EV 84.4 MPH)
|
| Bottom of the 3rd over - 0 runs, 0 hits, 0 errors, 0 left on base; Reno 1 - Gwinnett 0 |
| TOP OF THE 4TH |
|
Reno Aces batting - Pitching for Gwinnett Braves : RHP Chris Thompson
|
|
Batting: SHB Warren Eisner
|
0-0: Ground out 5-3 (Groundball, 5S, EV 73.1 MPH)
|
|
Batting: LHB Roy Steigerwald
|
0-0: Ball 1-0: Called Strike 1-1: Called Strike 1-2: Ball 2-2: SINGLE (Line Drive, 7S, EV 108.8 MPH)
|
|
Batting: RHB Israel Gaona
|
0-0: Ball 1-0: Swinging Strike 1-1: Ball Roy Steigerwald is caught stealing 2nd base 2-4 2-1: Foul Ball, location: 2F 2-2: Foul Ball, location: 2F 2-2: Foul Ball, location: 2F 2-2: Ball 3-2: Ground out 5-3 (Groundball, 56, EV 91.2 MPH)
|
| Top of the 4th over - 0 runs, 1 hit, 0 errors, 0 left on base; Reno 1 - Gwinnett 0 |
| BOTTOM OF THE 4TH |
|
Gwinnett Braves batting - Pitching for Reno Aces : RHP Marcus Wolfe
|
|
Batting: RHB Ian Sousa
|
0-0: Swinging Strike 0-1: Ball 1-1: Foul Ball, location: 2F 1-2: DOUBLE (Flyball, 89D, EV 100.6 MPH)
|
|
Batting: LHB Otte Klijnsma
|
0-0: Called Strike 0-1: Ground out 4-3 (Groundball, 4, EV 102.5 MPH) Ian Sousa to third
|
|
Batting: RHB T.J. Jordan
|
0-0: Called Strike 0-1: Bunted foul 0-2: Strikes out swinging
|
|
Batting: LHB Kevin Waddell
|
0-0: Foul Ball, location: 2F 0-1: Ball 1-1: Ball 2-1: Foul Ball, location: 2F 2-2: Foul Ball, location: 2F 2-2: Foul Ball, location: 2F 2-2: Ball 3-2: Base on Balls
|
|
Batting: RHB Ethan McCullough
|
0-0: Ball 1-0: Ball 2-0: Called Strike 2-1: Foul Ball, location: 2F 2-2: SINGLE (Groundball, 4D, EV 98.1 MPH) Ian Sousa scores Kevin Waddell to second Runner from 2nd tries for 3rd, SAFE, throw by RF made to third
|
|
Batting: RHB Rafael Elias
|
0-0: Called Strike 0-1: Ball 1-1: Ball 2-1: Ball 3-1: Base on Balls Ethan McCullough to second
|
|
Batting: RHB Bill Turnbull
|
0-0: Called Strike 0-1: Fielders Choice at 2nd, 5-4 (Groundball, 56, EV 85.0 MPH)
|
| Bottom of the 4th over - 1 run, 2 hits, 0 errors, 3 left on base; Reno 1 - Gwinnett 1 |
| TOP OF THE 5TH |
|
Reno Aces batting - Pitching for Gwinnett Braves : RHP Chris Thompson
|
|
Batting: RHB Scott Travis
|
0-0: Ball 1-0: Swinging Strike 1-1: Foul Ball, location: 2F 1-2: DOUBLE (Groundball, 5L, EV 103.8 MPH)
|
|
Batting: SHB Troy Maynard
|
0-0: Foul Ball, location: 2F 0-1: Ball 1-1: Ground out U3 (Groundball, 3L, EV 102.5 MPH) Scott Travis to third
|
|
Batting: RHB Alex Vasquez
|
0-0: Foul Ball, location: 2F 0-1: Called Strike 0-2: DOUBLE (Flyball, 5D, EV 95.6 MPH) Scott Travis scores
|
|
Batting: RHB Juan Espinoza
|
0-0: Ground out U3 (Groundball, 3L, EV 90.6 MPH) Alex Vasquez to third
|
|
Batting: RHB Paul Van Gilder
|
0-0: Called Strike 0-1: Foul Ball, location: 2F 0-2: Ball 1-2: Ball 2-2: Strikes out swinging
|
| Top of the 5th over - 1 run, 2 hits, 0 errors, 1 left on base; Reno 2 - Gwinnett 1 |
| BOTTOM OF THE 5TH |
|
Gwinnett Braves batting - Pitching for Reno Aces : RHP Marcus Wolfe
|
|
Batting: RHB Danny Heikkila
|
0-0: Ball 1-0: Called Strike 1-1: Called Strike 1-2: Strikes out swinging
|
|
Pitching: RHP Tyler Deloatch
|
|
|
Batting: RHB Luis Revilla
|
0-0: Ball 1-0: Ball 2-0: Ball 3-0: Base on Balls
|
|
Batting: RHB Ian Sousa
|
0-0: Called Strike 0-1: Called Strike 0-2: Ball 1-2: Foul Ball, location: 2F 1-2: Ball 2-2: Ball 3-2: DOUBLE (Line Drive, 5D, EV 95.6 MPH) Luis Revilla to third
|
|
Batting: LHB Otte Klijnsma
|
0-0: Ball 1-0: Ball 2-0: Called Strike 2-1: Fly out, F2 (Popup, 2LF, EV 86.9 MPH)
|
|
Batting: RHB T.J. Jordan
|
0-0: Called Strike 0-1: Swinging Strike 0-2: Ball 1-2: Strikes out looking
|
| Bottom of the 5th over - 0 runs, 1 hit, 0 errors, 2 left on base; Reno 2 - Gwinnett 1 |
| TOP OF THE 6TH |
|
Reno Aces batting - Pitching for Gwinnett Braves : RHP Chris Thompson
|
|
Batting: RHB Joe Smack
|
0-0: Foul Ball, location: 2F 0-1: Ground out 4-3 (Groundball, 6M, EV 88.8 MPH)
|
|
Batting: SHB Warren Eisner
|
0-0: Called Strike 0-1: Ball 1-1: Ground out 4-3 (Groundball, 4, EV 86.9 MPH)
|
|
Batting: LHB Roy Steigerwald
|
0-0: Ball 1-0: Foul Ball, location: 2F 1-1: Ball 2-1: Foul Ball, location: 2F 2-2: Foul Ball, location: 2F 2-2: Foul Ball, location: 2F 2-2: SINGLE (Groundball, 34D, EV 103.1 MPH)
|
|
Batting: RHB Israel Gaona
|
0-0: Called Strike 0-1: Ball 1-1: Ball 2-1: Foul Ball, location: 2F 2-2: SINGLE (Groundball, 56D, EV 95.6 MPH) Roy Steigerwald to second
|
|
Batting: RHB Scott Travis
|
0-0: Ball 1-0: Foul Ball, location: 2F 1-1: Fly out, F7 (Flyball, 7LM, EV 101.9 MPH)
|
| Top of the 6th over - 0 runs, 2 hits, 0 errors, 2 left on base; Reno 2 - Gwinnett 1 |
| BOTTOM OF THE 6TH |
|
Gwinnett Braves batting - Pitching for Reno Aces : RHP Tyler Deloatch
|
|
Batting: LHB Kevin Waddell
|
0-0: Ball 1-0: Swinging Strike 1-1: Ball 2-1: Ball 3-1: Ground out 4-3 (Groundball, 4M, EV 105.0 MPH)
|
|
Batting: RHB Ethan McCullough
|
0-0: Ball 1-0: Ground out 4-3 (Groundball, 4, EV 86.9 MPH)
|
|
Batting: RHB Rafael Elias
|
0-0: Foul Ball, location: 2F 0-1: SINGLE (Groundball, 5D, EV 110.0 MPH)
|
|
Batting: RHB Bill Turnbull
|
0-0: Ball 1-0: Foul Ball, location: 2F 1-1: SINGLE (Groundball, 34D, EV 98.1 MPH) Rafael Elias to second Runner from 2nd tries for 3rd, SAFE, throw by RF made to third Bill Turnbull to second
|
|
Batting: RHB Danny Heikkila
|
0-0: Ball 1-0: Called Strike 1-1: Ball 2-1: Ground out 6-3 (Groundball, 6, EV 88.1 MPH)
|
| Bottom of the 6th over - 0 runs, 2 hits, 0 errors, 2 left on base; Reno 2 - Gwinnett 1 |
| TOP OF THE 7TH |
|
Reno Aces batting - Pitching for Gwinnett Braves : RHP Chris Thompson
|
|
Batting: SHB Troy Maynard
|
0-0: Foul Ball, location: 2F 0-1: Ball 1-1: Swinging Strike 1-2: Foul Ball, location: 2F 1-2: Strikes out looking
|
|
Batting: RHB Alex Vasquez
|
0-0: Swinging Strike 0-1: Ball 1-1: Fly out, F9 (Flyball, 9D, EV 95.0 MPH)
|
|
Batting: RHB Juan Espinoza
|
0-0: Called Strike 0-1: Ball 1-1: Swinging Strike 1-2: Foul Ball, location: 2F 1-2: Ball 2-2: Foul Ball, location: 2F 2-2: Ball 3-2: Foul Ball, location: 2F 3-2: Fly out, F9 (Flyball, 9LS, EV 95.6 MPH)
|
| Top of the 7th over - 0 runs, 0 hits, 0 errors, 0 left on base; Reno 2 - Gwinnett 1 |
| BOTTOM OF THE 7TH |
|
Gwinnett Braves batting - Pitching for Reno Aces : RHP Tyler Deloatch
|
|
Pitching: LHP Mike Brown
|
|
|
Batting: RHB Luis Revilla
|
0-0: Ball 1-0: Called Strike 1-1: Ball 2-1: Called Strike 2-2: Ball 3-2: Foul Ball, location: 2F 3-2: Ground out 6-3 (Groundball, 6MS, EV 88.1 MPH)
|
|
Batting: RHB Ian Sousa
|
0-0: Ball 1-0: Ball 2-0: Swinging Strike 2-1: Called Strike 2-2: Ball 3-2: Base on Balls
|
|
Pinch Hitting: RHB Jesse Lester
|
0-0: Ball 1-0: Called Strike 1-1: Called Strike 1-2: Foul Ball, location: 2F 1-2: Fielders Choice at 2nd, 3-6 (Groundball, 34, EV 101.9 MPH)
|
|
Batting: RHB T.J. Jordan
|
0-0: Called Strike 0-1: Swinging Strike 0-2: Foul Ball, location: 2F 0-2: Strikes out swinging
|
| Bottom of the 7th over - 0 runs, 0 hits, 0 errors, 1 left on base; Reno 2 - Gwinnett 1 |
| TOP OF THE 8TH |
|
Reno Aces batting - Pitching for Gwinnett Braves : RHP Chris Thompson
|
|
Pitching: RHP Ernesto Gonzalez
|
|
|
Now in LF: Davey Schonewille
|
|
|
Batting: RHB Paul Van Gilder
|
0-0: Ball 1-0: Called Strike 1-1: Ball 2-1: Called Strike 2-2: Ball 3-2: Foul Ball, location: 2F 3-2: Foul Ball, location: 2F 3-2: Strikes out swinging
|
|
Batting: RHB Joe Smack
|
0-0: Ball 1-0: Called Strike 1-1: Fly out, F4 (Popup, 4, EV 55.6 MPH)
|
|
Batting: SHB Warren Eisner
|
0-0: Ball 1-0: Ground out 1-3 (Groundball, 13S, EV 75.0 MPH)
|
| Top of the 8th over - 0 runs, 0 hits, 0 errors, 0 left on base; Reno 2 - Gwinnett 1 |
| BOTTOM OF THE 8TH |
|
Gwinnett Braves batting - Pitching for Reno Aces : LHP Mike Brown
|
|
Batting: LHB Kevin Waddell
|
0-0: Called Strike 0-1: Ball 1-1: Ball 2-1: Swinging Strike 2-2: Strikes out swinging
|
|
Batting: RHB Ethan McCullough
|
0-0: Foul Ball, location: 2F 0-1: Ground out 5-3 (Groundball, 56, EV 106.2 MPH)
|
|
Batting: RHB Rafael Elias
|
0-0: Ball 1-0: Ball 2-0: Foul Ball, location: 2F 2-1: Ball 3-1: Base on Balls
|
|
Pitching: RHP Adam Bucci
|
|
|
Batting: RHB Bill Turnbull
|
0-0: Ball 1-0: DOUBLE (Line Drive, 8RXD, EV 105.0 MPH) Rafael Elias to third
|
|
Batting: RHB Danny Heikkila
|
0-0: Ball 1-0: Ball 2-0: SINGLE (Groundball, 25, EV 61.9 MPH) (infield hit) Rafael Elias scores Bill Turnbull to third
|
|
Batting: RHB Luis Revilla
|
0-0: Ball 1-0: Ball 2-0: Ball 3-0: Base on Balls Danny Heikkila to second
|
|
Batting: RHB Ian Sousa
|
0-0: Ball 1-0: Foul Ball, location: 2F 1-1: Ball 2-1: Foul Ball, location: 2F 2-2: Foul Ball, location: 2F 2-2: Foul Ball, location: 2F 2-2: SINGLE (Groundball, 34S, EV 63.1 MPH) (infield hit) Bill Turnbull scores Danny Heikkila to third Luis Revilla to second
|
|
Batting: LHB Davey Schonewille
|
0-0: Ball 1-0: Called Strike 1-1: GRAND SLAM HOME RUN (Flyball, 89XD, EV 96.9 MPH), Distance : 383 ft
|
|
Pitching: RHP Roberto Preciado
|
|
|
Batting: RHB T.J. Jordan
|
0-0: Called Strike 0-1: Called Strike 0-2: Foul Ball, location: 2F 0-2: Ball 1-2: Ball 2-2: Strikes out looking
|
| Bottom of the 8th over - 6 runs, 4 hits, 0 errors, 0 left on base; Reno 2 - Gwinnett 7 |
| TOP OF THE 9TH |
|
Reno Aces batting - Pitching for Gwinnett Braves : RHP Ernesto Gonzalez
|
|
Batting: LHB Roy Steigerwald
|
0-0: Swinging Strike 0-1: Foul Ball, location: 2F 0-2: Ball 1-2: Foul Ball, location: 2F 1-2: Strikes out looking
|
|
Batting: RHB Israel Gaona
|
0-0: Swinging Strike 0-1: Ball 1-1: Ball 2-1: Ball 3-1: SINGLE (Groundball, 56D, EV 95.6 MPH)
|
|
Batting: RHB Scott Travis
|
0-0: Called Strike 0-1: Foul Ball, location: 2F 0-2: Ball 1-2: Ball 2-2: Foul Ball, location: 2F 2-2: Ball 3-2: Base on Balls Israel Gaona to second
|
|
Batting: SHB Troy Maynard
|
0-0: Ball 1-0: DOUBLE (Line Drive, 78D, EV 107.5 MPH) Israel Gaona scores Scott Travis to third
|
|
Pitching: LHP Mario Jimenez
|
|
|
Batting: RHB Alex Vasquez
|
0-0: Swinging Strike 0-1: Called Strike 0-2: Ball 1-2: Strikes out swinging
|
|
Batting: RHB Juan Espinoza
|
0-0: Called Strike 0-1: Ball 1-1: Called Strike 1-2: Ball 2-2: Ball 3-2: Base on Balls
|
|
Batting: RHB Paul Van Gilder
|
0-0: Ground out 5-3 (Groundball, 56S, EV 71.2 MPH)
|
| Top of the 9th over - 1 run, 2 hits, 0 errors, 3 left on base; Reno 3 - Gwinnett 7 |
|